 Dungeon Crawl Stone Soup version 0.29-a0-577-gafbf2c5d25 (webtiles) character file.

Game seed: 3645485673082123094

1568 garrulousMonolith the Cleaver (level 8, -9/70 HPs)
             Began as a Hill Orc Fighter on June 14, 2022.
             Was an Initiate of Beogh.
             Mangled by Maggie the naga
             ... wielding a +2 vorpal scimitar
              (13 damage)
             ... on level 6 of the Dungeon.
             The game lasted 00:06:51 (6908 turns).

garrulousMonolith the Cleaver (Hill Orc Fighter)    Turns: 6908, Time: 00:06:52

Health: -9/70      AC: 17    Str: 23    XL:     8   Next: 90%
Magic:  11/11      EV:  7    Int: 16    God:    Beogh [......]
Gold:   297        SH:  5    Dex: 10    Spells: 7/7 levels left

rFire   + . .      SeeInvis .   a - +1 war axe (vorpal)
rCold   + . .      Faith    .   c - +0 buckler
rNeg    . . .      Spirit   .   w - +0 plate armour
rPois   +          Reflect  .   d - +2 helmet of Thoughtfulness {Str+4}
rElec   +          Harm     .   r - +0 cloak
rCorr   +          Rampage  .   (no gloves)
Will    .....                   (no boots)
Stlth   ..........              (no amulet)
HPRegen 0.21/turn               p - +6 ring of intelligence
MPRegen 0.12/turn               b - ring of flight

@: resistant, attractive, flying
A: no striking features
a: Renounce Religion


You were on level 6 of the Dungeon.
You worshipped Beogh.
Beogh was noncommittal.
You visited 2 branches of the dungeon, and saw 7 of its levels.

You collected 297 gold pieces.

Inventory:

Hand Weapons
 a - a +1 vorpal war axe (weapon)
 i - a +0 falchion of electrocution
 m - a +0 dagger of venom
Missiles
 j - 5 curare-tipped darts
 k - 5 poisoned darts (quivered)
Armour
 c - a +0 buckler (worn)
 d - the +2 helmet of Thoughtfulness (worn) {Str+4}
   (You took it off Robin on level 2 of the Dungeon)

   Str:       It affects your strength (+4).
 q - a +0 chain mail
 r - a +0 cloak (worn)
 w - a +0 plate armour (worn)
Magical Staves
 g - a staff of fire
Jewellery
 b - a ring of flight (right hand)
 p - a +6 ring of intelligence (left hand)
 s - a ring of resist corrosion
Wands
 t - a wand of polymorph (6)
Scrolls
 e - 2 scrolls of teleportation
 h - a scroll of fear
 l - a scroll of magic mapping {unknown}
 n - a scroll of immolation
 o - a scroll of noise {unknown}
 u - a scroll of acquirement {unknown}
 x - a scroll of enchant weapon
 y - a scroll of identify
Potions
 f - a potion of cancellation


   Skills:
 + Level 6.1 Fighting
 * Level 8.1 Axes
 + Level 5.5 Armour
 + Level 3.1 Dodging
 + Level 5.4 Shields
 + Level 5.1 Invocations


You had 7 spell levels left.
You didn't know any spells.
Your spell library contained the following spells:

 Spells                   Type           Power      Damage    Failure   Level
 Sandblast                Erth           0%         2d4       99%         1
 Passwall                 Tmut/Erth      0%         N/A       100%        2
 Stone Arrow              Conj/Erth      0%         3d7       100%        3


Dungeon Overview and Level Annotations

Branches:
Dungeon (6/15)             Temple (1/1) D:4

Altars:
Ashenzari
Cheibriados
Dithmenos
Fedhas
Hepliaklqana
Kikubaaqudgha
Makhleb
Qazlal
Ru
Sif Muna
Trog
Uskayaw
Wu Jian
Xom
The Shining One

Annotations:
D:6 Maggie


Message History

You hit the ogre.
The ogre is severely wounded.
The ogre hits you with a +0 giant spiked club!
You hit the ogre.
You kill the ogre!
Beogh accepts your kill. Maggie casts a spell at you.
The bolt of fire hits you. You resist.
* * * LOW HITPOINT WARNING * * *
Okay, then.
Maggie hits you with a +2 vorpal scimitar!
* * * LOW HITPOINT WARNING * * *
x2 You see here a +0 giant spiked club.
It was a potion of attraction.
You feel attractive to monsters.
Maggie mumbles some strange words.
Maggie attempts to bespell you!
You are mesmerised by Maggie!
You closely miss Maggie. Maggie hits you but does no damage.
Aiming: Polymorph
Press: ? - help, Shift-Dir - straight line, f - Maggie
Aim: Maggie, wielding a +2 vorpal scimitar and wearing +0 acid dragon scales (mesmerising, unusually resistant, will become a naga, a steam dragon, or a fire bat, chance to affect: 49%) Maggie resists with some effort.
Maggie hits you but does no damage.
Aiming: Polymorph
Press: ? - help, Shift-Dir - straight line, f/p - Maggie
Aim: Maggie, wielding a +2 vorpal scimitar and wearing +0 acid dragon scales (mesmerising, unusually resistant, will become a naga, a steam dragon, or a fire bat, chance to affect: 49%)
You are no longer entranced.
Maggie evaporates and reforms as a naga!
Okay, then.
You closely miss Maggie.
Maggie picks up a +2 vorpal scimitar.
Maggie wields a +2 vorpal scimitar.
Maggie picks up +0 acid dragon scales.
Maggie wears +0 acid dragon scales.
You hit Maggie.
Maggie is lightly wounded.
Maggie spits poison at you. The splash of poison misses you.
You hit Maggie but do no damage.
Maggie is lightly wounded.
Maggie hits you with a +2 vorpal scimitar!
You die...

#........ #........
#........ ##........ ####
##......... ...##
#.(#....... ....####
#####.###.....#
##.....###.....##########
#............)N@........
#####.....##############
#..............#
#.############..# #.# ..
..# ..# #.


You could see Maggie the naga (catching breath).

Vanquished Creatures
  A rime drake (D:5)
  Prince Ribbit (D:5)
  Sigmund (D:3)
  An acid dragon (D:5)
  2 ogres
  A phantom (D:5)
  A scorpion (D:4)
  A howler monkey (D:4)
  3 hounds
  3 jellies
  Crazy Yiuf (D:5)
  An iguana (D:4)
  Natasha (thrice) (D:4)
  An orc wizard (D:3)
  Robin (D:2)
  7 adders
  2 shadow imps (D:5)
  4 worms
  5 dart slugs
  7 orcs
  5 endoplasms
  4 giant cockroaches
  20 goblins
  7 hobgoblins
  8 jackals
  5 kobolds
  2 quokkas (D:4)
  6 ball pythons
  7 bats
  4 frilled lizards
  5 rats
120 creatures vanquished.

Vanquished Creatures (others)
  2 orcs (D:5)
2 creatures vanquished.

Grand Total: 122 creatures vanquished

Notes
Turn   | Place    | Note
-------+----------+-------------------------------------------
     0 | D:1      | garrulousMonolith the Hill Orc Fighter began the quest for
                  | the Orb.
     0 | D:1      | Reached XP level 1. HP: 19/19 MP: 1/1
    79 | D:1      | Reached skill level 3 in Axes
    79 | D:1      | Reached XP level 2. HP: 20/27 MP: 2/2
   314 | D:1      | Reached skill level 1 in Invocations
   726 | D:1      | Reached XP level 3. HP: 33/33 MP: 3/3
   855 | D:1      | Found a faded altar of an unknown god.
  1366 | D:2      | Identified the +2 helmet of Thoughtfulness {Str+4}
  1366 | D:2      | Noticed Robin
  1376 | D:2      | Killed Robin
  1377 | D:2      | Reached XP level 4. HP: 31/40 MP: 3/5
  1470 | D:2      | Reached skill level 1 in Dodging
  1474 | D:2      | Reached skill level 4 in Axes
  2665 | D:3      | Reached XP level 5. HP: 32/46 MP: 6/6
  2800 | D:3      | Noticed Sigmund
  2811 | D:3      | Killed Sigmund
  2812 | D:3      | Reached skill level 5 in Axes
  2812 | D:3      | Reached XP level 6. HP: 40/53 MP: 6/8
  3824 | D:4      | Found a staircase to the Ecumenical Temple.
  3833 | D:4      | Reached XP level 7. HP: 31/60 MP: 9/9
  3979 | Temple   | Entered the Ecumenical Temple
  4096 | D:4      | Noticed Natasha
  4106 | D:4      | Killed Natasha
  4107 | D:4      | Reached skill level 5 in Fighting
  4107 | D:4      | Reached skill level 6 in Axes
  4539 | D:4      | Found a staircase to the Ecumenical Temple.
  4572 | D:4      | Noticed Natasha
  4579 | D:4      | Killed Natasha
  4660 | D:4      | Noticed Natasha
  4664 | D:4      | Killed Natasha
  5080 | D:5      | Entered Level 5 of the Dungeon
  5112 | D:5      | Noticed a hornet
  5123 | D:5      | Paralysed by a hornet for 3 turns
  5125 | D:5      | HP: 3/61 [hornet (2)]
  5128 | D:5      | Noticed a rime drake
  5128 | D:5      | a hornet changed into a rime drake
  5133 | D:5      | Killed a rime drake
  5134 | D:5      | Reached skill level 7 in Axes
  5134 | D:5      | Reached XP level 8. HP: 17/69 MP: 9/11
  5484 | D:5      | Reached skill level 5 in Armour
  5484 | D:5      | Reached skill level 5 in Shields
  5523 | D:5      | Noticed Prince Ribbit
  5563 | D:5      | Killed Prince Ribbit
  5853 | D:5      | Became a worshipper of Beogh the Brigand
  6220 | D:5      | Found a runed translucent door.
  6220 | D:5      | Noticed Crazy Yiuf
  6229 | D:5      | Killed Crazy Yiuf
  6806 | D:6      | Reached skill level 8 in Axes
  6806 | D:6      | Reached skill level 5 in Invocations
  6886 | D:6      | Noticed Maggie
  6901 | D:6      | HP: 2/70 [Maggie/+2 vorpal scimitar (3)]
  6905 | D:6      | Noticed Maggie
  6905 | D:6      | Maggie changed into Maggie the naga
  6908 | D:6      | Mangled by Maggie the naga

Illustrated notes

Levels and vault maps discovered:
D:1:      tarquinn_simple_flora_water_e, layout_basic,
          hellmonk_ecumenical_altar_zigzags, chequers_serial_rivers_small_b,
          minmay_crystal_water, hangedman_feature_mirror, minmay_quantized
D:2:      layout_loops_cross, minmay_misc_feat_ornament,
          kennysheep_generic_room_8, uniq_robin
D:3:      layout_basic, serial_park_tiny_1, chequers_serial_rivers_small_b,
          uniq_sigmund
D:4:      layout_rooms, minmay_temple_entry_offerings, due_unseen_surprise,
          uniq_natasha
D:5:      layout_basic, uniq_crazy_yiuf_cottage, uniq_prince_ribbit1
D:6:      layout_rooms, nicolae_overflow_crystal_walls, uniq_maggie
Temple:   regret_index_temple_waves

Skill      XL: |  1  2  3  4  5  6  7  8 |
---------------+-------------------------+-----
Axes           | 3 4 5 7 8 |  8.1
Invocations    | 1 2 3 4 5 |  5.1
Fighting       | 4 5 6 |  6.1
Dodging        | 1 2 3 |  3.1
Armour         | 4 5 |  5.5
Shields        | 4 5 |  5.4

Action                   |  1- 3 |  4- 6 |  7- 9 || total
-------------------------+-------+-------+-------++-------
Melee: War axe           |    95 |   105 |   119 ||   319
       Falchion          |       |    61 |       ||    61
Throw: Dart              |       |       |     1 ||     1
Invok: Convert to Beogh  |       |       |     1 ||     1
Evoke: Wand              |       |       |     4 ||     4
  Use: Scroll            |     1 |     7 |     2 ||    10
       Potion            |     1 |     3 |     5 ||     9
Armor: Scale mail        |    60 |    15 |       ||    75
       Chain mail        |       |   125 |    73 ||   198
       Plate armour      |       |       |     3 ||     3
Dodge: Dodged            |    50 |    76 |    31 ||   157
Block: Buckler           |    29 |    44 |    32 ||   105

Table legend: (Time is in decaauts)
 A = Elapsed time spent in this place.
 B = Non-inter-level travel time spent in this place.
 C = Inter-level travel time spent in this place.
 D = Time resting spent in this place.
 E = Time spent auto-exploring this place.
 F = Levels seen in this place.
 G = Mean time per level.
                   A        B        C        D        E       F      G
               +--------+--------+--------+--------+--------+-----+--------+
         Total |   7025 |   6851 |    174 |   1554 |   4209 |   7 | 1003.6 |
       Dungeon |   6913 |   6758 |    155 |   1554 |   4128 |   6 | 1152.2 |
        Temple |    111 |     92 |     19 |      0 |     81 |   1 |  111.0 |
               +--------+--------+--------+--------+--------+-----+--------+

Top non-repeatable levels by time:
     D:4: 1746 daAuts
     D:5: 1430 daAuts
     D:3: 1362 daAuts
     D:2: 1145 daAuts
     D:1: 1116 daAuts
  Temple: 111 daAuts
     D:6: 111 daAuts
